 Dungeon Crawl Stone Soup version 0.23-a0-207-g93a313e (webtiles) character file.

177620 grindst0ne the Pandemonic (level 17, -7/132 HPs)
             Began as a Deep Dwarf Fighter on Sept 24, 2018.
             Was a High Priest of Makhleb.
             Mangled by a ghost moth (10 damage)
             ... on level 4 of the Spider Nest.
             The game lasted 01:31:46 (29117 turns).

grindst0ne the Pandemonic (Deep Dwarf Fighter)     Turns: 29117, Time: 01:31:47

Health: -7/132     AC: 31    Str: 23    XL:     17   Next: 26%
Magic:  0/10       EV: 22    Int: 10    God:    Makhleb [*****.]
Gold:   2805       SH: 11    Dex: 20    Spells: 16/16 levels left

rFire    + + .     SeeInvis +   H - +4 demon whip (freeze)
rCold    + + .     Gourm    .   M - +2 buckler
rNeg     + . .     Faith    +   R - +1 ice dragon scales
rPois    .         Spirit   .   u - +1 hat {SInv}
rElec    .         Reflect  .   j - +2 cloak {MR+}
rCorr    +         Harm     .   O - +4 pair of gloves "Sezid" {rF++}
MR       +++..                  K - +1 pair of boots {run}
Stlth    ..........             W - amulet of faith
HPRegen  0.00/turn              X - ring of the Octopus King {rCorr AC+1 EV+1 Str+1 Int+1 Dex+1}
MPRegen  0.12/turn              Z - ring of Beazacza {rF+ Dex+2}

@: non-regenerating, quick
A: damage resistance, heal wounds, negative energy resistance 1, sense
surroundings 2, no regeneration
}: 1/15 runes: decaying
a: Heal Wounds, Minor Destruction, Lesser Servant of Makhleb, Major Destruction,
Greater Servant of Makhleb, Renounce Religion


You were on level 4 of the Spider Nest.
You worshipped Makhleb.
Makhleb was extremely pleased with you.
You were not hungry.

You visited 6 branches of the dungeon, and saw 32 of its levels.
You also visited: Labyrinth and Bailey.

You collected 3281 gold pieces.
You spent 476 gold pieces at shops.

Inventory:

Hand Weapons
 p - a +3 scimitar of flaming
 H - a +4 demon whip of freezing (weapon)
Missiles
 S - a throwing net (quivered)
Armour
 h - a +0 cloak of poison resistance
 j - a +2 cloak of magic resistance (worn)
 u - a +1 hat of see invisible (worn)
 K - a +1 pair of boots of running (worn)
 L - a scarf of repulsion
 M - a +2 buckler (worn)
 O - the +4 pair of gloves "Sezid" (worn) {rF++}
   (You bought it in a shop on level 15 of the Dungeon)

   It greatly protects you from fire.
 P - a +1 pair of boots of flying
 R - +1 ice dragon scales (worn)
Jewellery
 e - an uncursed ring of protection from fire
 v - an uncursed ring of resist corrosion
 N - an uncursed ring of positive energy
 W - an amulet of faith (around neck)
 X - a ring of the Octopus King (left hand) {rCorr AC+1 EV+1 Str+1 Int+1 Dex+1}
   (You found it in a labyrinth)

   [ring of resist corrosion]

   It affects your AC (+1).
   It affects your evasion (+1).
   It affects your strength (+1).
   It affects your intelligence (+1).
   It affects your dexterity (+1).
 Z - the ring of Beazacza (right hand) {rF+ Dex+2}
   (You found it on level 6 of the Lair of Beasts)

   [ring of protection from fire]

   It affects your dexterity (+2).
   It protects you from fire.
Wands
 g - a wand of digging (31)
 x - a wand of polymorph (19)
 Q - a wand of paralysis (10)
 T - a wand of disintegration (25)
Scrolls
 b - 10 scrolls of enchant armour
 i - a scroll of identify
 k - 5 scrolls of enchant weapon
 l - 10 scrolls of immolation
 m - 3 scrolls of fear
 s - 17 scrolls of teleportation
 t - 10 scrolls of remove curse
 w - 6 scrolls of blinking
 y - a scroll of summoning
 D - 3 scrolls of amnesia
 E - 6 scrolls of fog
 F - 4 scrolls of magic mapping
 J - 2 scrolls of brand weapon
 U - 2 scrolls of holy word
 V - 3 scrolls of silence
Potions
 a - 4 potions of cancellation
 c - a potion of magic
 d - a potion of mutation
 n - 3 potions of brilliance
 q - 9 potions of flight
 r - 2 potions of agility
 z - 3 potions of resistance
 B - 2 potions of ambrosia
 G - 5 potions of haste
 I - 6 potions of heal wounds
 Y - a potion of might
Miscellaneous
 o - a lamp of fire (inert)
Comestibles
 f - 49 rations
 C - 2 chunks of flesh


   Skills:
 + Level 3.5 Fighting
   Level 2.1(2.8) Axes
 + Level 2.3(2.7) Maces & Flails
 + Level 16.9 Armour
 - Level 15.0 Dodging
 - Level 15.3 Shields
 - Level 22.0 Invocations


You had 16 spell levels left.
You didn't know any spells.
Your spell library contained the following spells:

 Spells                   Type           Power        Failure   Level  Hunger
 Beastly Appendage        Tmut           #.....       63%         1    ##.....
 Flame Tongue             Conj/Fire      #....        63%         1    ##.....
 Freeze                   Ice            #...         63%         1    ##.....
 Infusion                 Chrm           #...         63%         1    ##.....
 Sandblast                Erth           #.....       63%         1    ##.....
 Summon Butterflies       Summ           #.......     63%         1    ##.....
 Summon Small Mammal      Summ           #...         63%         1    ##.....
 Call Imp                 Summ           #.......     77%         2    ###....
 Passwall                 Tmut/Erth      #.......     77%         2    ###....
 Shroud of Golubria       Chrm/Tloc      #.........   77%         2    ###....
 Song of Slaying          Chrm           #.......     77%         2    ###....
 Sticks to Snakes         Tmut           #.......     77%         2    ###....
 Swiftness                Chrm/Air       #.......     77%         2    ###....
 Throw Frost              Conj/Ice       #.....       77%         2    ###....
 Call Canine Familiar     Summ           #.......     94%         3    ####...
 Ignite Poison            Fire/Tmut/Pois #.......     94%         3    ####...
 Ozocubu's Armour         Chrm/Ice       #.......     94%         3    ####...
 Spectral Weapon          Hex/Chrm       #.......     94%         3    ####...
 Spider Form              Tmut/Pois      #.........   94%         3    ####...
 Stone Arrow              Conj/Erth      #.....       94%         3    ####...
 Summon Guardian Golem    Hex/Summ       #.......     94%         3    ####...
 Cause Fear               Hex            #.........   100%        4    #####..
 Ice Form                 Ice/Tmut       #.......     100%        4    #####..
 Passage of Golubria      Tloc           N/A          100%        4    #####..
 Petrify                  Tmut/Erth      #.......     100%        4    #####..
 Summon Ice Beast         Ice/Summ       #.......     100%        4    #####..
 Summon Lightning Spire   Summ/Air       #.......     100%        4    #####..
 Throw Icicle             Conj/Ice       #.......     100%        4    #####..
 Blade Hands              Tmut           #.........   100%        5    ######.
 Irradiate                Conj/Tmut      #.........   100%        5    ######.
 Lee's Rapid Deconstruct  Erth           #.........   100%        5    ######.
 Summon Mana Viper        Hex/Summ       #.......     100%        5    ######.
 Bolt of Fire             Conj/Fire      #.........   100%        6    #######
 Darkness                 Hex            #.........   100%        6    #######
 Hydra Form               Tmut           #.........   100%        6    #######
 Invisibility             Hex            #.......     100%        6    #######
 Statue Form              Tmut/Erth      #........    100%        6    #######
 Dragon Form              Tmut           #.........   100%        7    #######
 Summon Hydra             Summ           #.........   100%        7    #######
 Dragon's Call            Summ           #.........   100%        9    #######
 Regeneration             Chrm/Necr      Unusable     N/A         3    N/A

Dungeon Overview and Level Annotations

Branches:
Dungeon (15/15)            Temple (1/1) D:7            Lair (6/6) D:11
  Swamp (4/4) Lair:4       Spider (4/4) Lair:4        Slime (0/5) Lair:6
    Orc (2/2) D:12            Elf (0/3) Orc:2        Vaults (0/5) D:13
 Depths (0/5) D:15

Altars:
Ashenzari
Dithmenos
Elyvilon
Gozag
Hepliaklqana
Kikubaaqudgha
Makhleb
Nemelex Xobeh
Okawaru
Qazlal
Ru
Sif Muna
Uskayaw
Vehumet
Wu Jian
Xom
Yredelemnul
Zin
The Shining One
Jiyva

Shops:
D:4 !   D:5 }   D:6 ?   D:11 ?(%(   D:15 [   Orc:1 *   Orc:2 =?*

Annotations:
Lair:5 exclusion: downstairs
Swamp:1 exclusion: downstairs
Swamp:2 exclusion: 2 downstairs


Innate Abilities, Weirdness & Mutations

You are resistant to damage.
You can heal yourself by infusing magical energy.
You resist negative energy. (rN+)
You passively map the area around you.
You do not regenerate.


Message History

You block the emperor scorpion's attack. x2
The emperor scorpion claws you but does no damage.
The ghost moth barely misses you.
The ghost moth hits you but does no damage.
The ghost moth closely misses you.
Your balrug closely misses the ghost moth.
The wolf spider closely misses you. You block the wolf spider's attack.
Your green death closely misses the jumping spider.
The jumping spider completely misses you.
The jumping spider misses you.
A demon appears!
The hornet buzzes angrily.
The ghost moth closely misses you.
The ghost moth hits you but does no damage.
The ghost moth completely misses you. The wolf spider hits you.
* * * LOW HITPOINT WARNING * * *
The wolf spider bites you but does no damage.
The ghost moth stares at you. You block the ghost moth's attack.
The ghost moth hits you!
You die...

#.^....#..^.......
###^....§§...#......
##^.#...§^^##.^......
#^#....§[...≈≈≈≈≈≈≈≈≈
##.....§...≈≈≈≈≈≈≈≈≈≈
#....§.#.≈≈≈≈≈≈≈≈≈≈≈
#...§...≈≈≈≈≈######≈
##...s...≈≈≈≈##≈≈ ##
#≈..@ss..≈≈≈##, , s
#^.ysy#.[≈y≈# ,..y
##22.22≈#..≈##.....,,
#^.#..≈^.#≈.'ss.φ!! ≈
#≈#...†##≈.≈#y...!.,*
#^.#....#≈≈≈#...... #
##.^.....≈≈≈##.....##
#.......≈≈≈≈##≈≈..#≈
#.§...#.≈≈≈≈≈######≈


You could see 2 emperor scorpions, 2 ghost moths, a wolf spider, a hornet, a
jumping spider, 2 friendly cacodemons, a friendly balrug and a friendly green
death.

Vanquished Creatures
  Arachne (Spider:2)
  Rupert (Spider:1)
  2 thorn hunters
  Roxanne (Spider:4)
  Gastronok (D:12)
  A stone giant (Orc:1)
  A minotaur (Lab)
  A dire elephant (D:15)
  An ettin (Orc:1)
  15 hydras
  3 shambling mangroves
  A centaur warrior (D:13)
  4 catoblepae
  11 two-headed ogres
  4 ogre magi (Orc:2)
  15 alligators
  A tengu warrior (D:15)
  6 death yaks (Lair:6)
  4 spriggan druids
  2 swamp dragons
  An unseen horror (D:13)
  A lindwurm (Swamp:4)
  10 orb spiders
  10 ugly things
  2 orc knights (Bailey)
  4 cyclopes
  A salamander (D:15)
  3 manticores
  3 oklob plants (Lair:5)
  17 wolf spiders
  12 elephants
  2 moths of wrath (Spider:4)
  An elephant (shapeshifter) (D:13)
  Maurice (D:11)
  4 black mambas
  A gargoyle (D:14)
  A torpor snail (Spider:3)
  A spiny frog (shapeshifter) (D:13)
  A centaur zombie (D:15)
  12 spiny frogs
  A rime drake (Lair:6)
  An efreet (D:13)
  6 demonic crawlers
  6 komodo dragons
  3 polar bears
  11 trolls
  10 jumping spiders
  A merfolk (D:15)
  Prince Ribbit (D:5)
  9 hornets
  A hippogriff (shapeshifter) (D:15)
  6 tyrant leeches
  Grinder (D:5)
  4 slime creatures (Swamp:2)
  A tyrant leech (shapeshifter) (D:13)
  28 blink frogs
  10 dream sheep (Lair:6)
  14 hippogriffs
  6 bog bodies
  4 shadows
  8 tarantellas
  2 wraiths
  26 redbacks
  9 spriggans
  4 wyverns
  36 yaks
  16 vampire mosquitoes
  3 basilisks
  Grum (D:8)
  A hungry ghost (D:10)
  2 steam dragons (D:10)
  16 swamp worms
  6 wargs
  14 insubstantial wisps
  An acid dragon (D:11)
  Duvessa (D:5)
  16 water moccasins
  8 porcupines
  12 orc warriors
  4 black bears
  2 swamp drakes
  5 sky beasts
  2 ice beasts
  3 phantoms
  An eye of draining (D:13)
  A necrophage (D:13)
  A hornet zombie (D:15)
  6 centaurs
  31 ogres
  9 wolves
  3 big kobolds
  19 crocodiles
  18 bullfrogs
  A gnoll sergeant (D:8)
  Dowan (D:5)
  5 scorpions
  5 killer bees (D:8)
  5 wights (D:10)
  3 howler monkeys (D:10)
  6 crimson imps
  3 bullfrog zombies
  3 jellies
  Crazy Yiuf (D:4)
  7 orc priests
  5 hounds
  A bullfrog skeleton (D:12)
  10 centaur skeletons
  4 iguanas
  13 worker ants
  10 orc wizards
  A hound skeleton (D:7)
  2 howler monkey zombies
  Robin (D:2)
  A worker ant zombie (D:6)
  4 gnolls (D:8)
  10 adders
  2 shadow imps
  An adder zombie (D:7)
  2 adder skeletons
  2 worms (Lair:4)
  A dart slug (D:1)
  4 leopard geckos
  46 orcs
  8 giant cockroaches
  15 goblins
  5 hobgoblins
  12 jackals
  2 quokkas
  6 bats
  5 frilled lizards
  26 kobolds
  A leopard gecko skeleton (D:4)
  A quokka skeleton (D:7)
  28 rats
  3 plants
847 creatures vanquished.

Vanquished Creatures (collateral kills)
  Nikola (Spider:2)
  A thorn hunter (Swamp:4)
  A ghost moth (Spider:4)
  3 emperor scorpions
  4 hydras (Swamp:4)
  A shambling mangrove (Swamp:3)
  2 death yaks (Lair:6)
  4 swamp dragons (Swamp:4)
  2 lindwurms (Swamp:4)
  4 orb spiders
  An oklob plant (Lair:5)
  8 wolf spiders
  A moth of wrath (Spider:2)
  A spiny frog (Swamp:4)
  5 demonic crawlers
  11 jumping spiders
  7 hornets
  2 bog bodies (Swamp:4)
  A spriggan (Swamp:3)
  19 redbacks
  8 tarantellas
  3 vampire mosquitoes (Swamp:3)
  4 insubstantial wisps (Swamp:4)
  3 swamp drakes (Swamp:4)
  3 fungi (Swamp:3)
  A plant (Lair:6)
101 creatures vanquished.

Vanquished Creatures (others)
  An alligator (Swamp:4)
  A swamp dragon (Swamp:4)
  A tarantella (Spider:2)
  A swamp worm (Swamp:1)
  3 briar patches (Swamp:3)
  A bush (Lair:6)
  17 fungi
  9 plants
34 creatures vanquished.

Grand Total: 982 creatures vanquished

Notes
Turn   | Place    | Note
-------+----------+-------------------------------------------
     0 | D:1      | grindst0ne the Deep Dwarf Fighter began the quest for the
                  | Orb.
     0 | D:1      | Reached XP level 1. HP: 20/20 MP: 1/1
    54 | D:1      | Reached XP level 2. HP: 24/27 MP: 2/2
    69 | D:1      | Reached skill level 1 in Dodging
   405 | D:1      | Reached XP level 3. HP: 19/33 MP: 3/3
  1572 | D:2      | Noticed Robin
  1626 | D:2      | Killed Robin
  1626 | D:2      | Reached XP level 4. HP: 16/40 MP: 4/4
  2587 | D:4      | Found Felemo's Distillery.
  2593 | D:4      | Reached XP level 5. HP: 12/46 MP: 5/5
  2600 | D:4      | Bought 2 potions of curing for 84 gold pieces
  2608 | D:4      | Found a runed door.
  2892 | D:4      | Noticed a phantom
  2960 | D:4      | Reached skill level 5 in Armour
  2960 | D:4      | Reached skill level 5 in Shields
  2966 | D:4      | Killed a phantom
  2966 | D:4      | Reached XP level 6. HP: 22/55 MP: 6/6
  3401 | D:4      | Noticed Crazy Yiuf
  3407 | D:4      | Killed Crazy Yiuf
  3437 | D:5      | Entered Level 5 of the Dungeon
  3539 | D:5      | Found Figomias's Gadget Shop.
  3541 | D:5      | Noticed Prince Ribbit
  3570 | D:5      | Killed Prince Ribbit
  3570 | D:5      | Reached XP level 7. HP: 24/61 MP: 6/6
  3578 | D:5      | Reached skill level 5 in Dodging
  3578 | D:5      | Noticed Grinder
  3591 | D:5      | Noticed Duvessa
  3599 | D:5      | Noticed Dowan
  3610 | D:5      | Killed Grinder
  3634 | D:5      | Killed Duvessa
  3634 | D:5      | Reached XP level 8. HP: 23/68 MP: 7/7
  3645 | D:5      | Killed Dowan
  3814 | D:5      | Found a shattered altar of Ashenzari.
  3815 | D:5      | Found a hide-covered altar of Uskayaw.
  4100 | D:6      | Found Ferem's Magic Scroll Boutique.
  4139 | D:6      | Bought a scroll of teleportation for 30 gold pieces
  4139 | D:6      | Bought a scroll of identify for 20 gold pieces
  4139 | D:6      | Bought a scroll of identify for 20 gold pieces
  4139 | D:6      | Bought a scroll of identify for 20 gold pieces
  4139 | D:6      | Bought a scroll of identify for 20 gold pieces
  4139 | D:6      | Bought a scroll of amnesia for 35 gold pieces
  4987 | D:7      | Gained mutation: You passively map the area around you.
                  | [Deep Dwarf growth]
  4987 | D:7      | Reached XP level 9. HP: 17/74 MP: 7/7
  5252 | D:7      | Found an ancient bone altar of Kikubaaqudgha.
  5291 | D:7      | Found a hazy altar of Hepliaklqana.
  5327 | D:7      | Found a staircase to the Ecumenical Temple.
  5346 | Temple   | Entered the Ecumenical Temple
  5390 | Temple   | Became a worshipper of Makhleb the Destroyer
  5714 | D:8      | Got a jewelled whip
  5718 | D:8      | Identified the +1 whip "Lieposot" {slash, *Rage Str+7} (You
                  | found it on level 8 of the Dungeon)
  6042 | D:8      | Noticed Grum
  6052 | D:8      | Reached * piety under Makhleb
  6064 | D:8      | Killed Grum
  6220 | D:8      | Found a sparkling altar of Nemelex Xobeh.
  6837 | D:9      | Found a shadowy altar of Dithmenos.
  6841 | D:9      | Noticed a troll
  6868 | D:9      | Killed a troll
  6868 | D:9      | Reached skill level 1 in Invocations
  6868 | D:9      | Reached XP level 10. HP: 19/81 MP: 7/9
  6894 | D:9      | Found an iron altar of Okawaru.
  6931 | D:9      | Reached skill level 2 in Invocations
  7112 | D:9      | Reached skill level 3 in Invocations
  7123 | D:9      | Reached ** piety under Makhleb
  7222 | D:9      | Reached skill level 10 in Armour
  7325 | D:10     | Entered Level 10 of the Dungeon
  7361 | D:10     | Reached skill level 10 in Shields
  7361 | D:10     | Reached skill level 4 in Invocations
  7406 | D:10     | Reached skill level 5 in Invocations
  7565 | D:10     | Reached skill level 6 in Invocations
  8085 | D:10     | Reached skill level 7 in Invocations
  8135 | D:10     | Reached skill level 10 in Dodging
  8537 | D:11     | Identified a scroll of acquirement
  8544 | D:11     | Found Qutrek's Antique Weapon Shoppe.
  8561 | D:11     | Noticed a cyan ugly thing
  8576 | D:11     | Killed a cyan ugly thing
  8576 | D:11     | Reached XP level 11. HP: 70/88 MP: 14/14
  8589 | D:11     | Noticed a white ugly thing
  8595 | D:11     | Killed a white ugly thing
  8617 | D:11     | Found Yxtuthri's Food Shop.
  8623 | D:11     | Noticed a brown ugly thing
  8646 | D:11     | Killed a brown ugly thing
  8646 | D:11     | Reached skill level 8 in Invocations
  8685 | D:11     | Found Vaddonoc's Weapon Emporium.
  8743 | D:11     | Reached *** piety under Makhleb
  8769 | D:11     | Found Cocsarhe's Magic Scroll Shop.
  8880 | D:11     | Found a staircase to the Lair.
  8903 | D:11     | Noticed Maurice
  8932 | D:11     | Reached skill level 9 in Invocations
  8939 | D:11     | Killed Maurice
  8987 | D:11     | Found a flagged portal.
  9035 | Bailey   | Entered a bailey
  9470 | Bailey   | Noticed an orc knight
  9470 | Bailey   | Noticed an orc knight
  9503 | Bailey   | Killed an orc knight
  9510 | Bailey   | Killed an orc knight
  9694 | D:11     | Reached skill level 10 in Invocations
  9841 | D:11     | Identified a +1 pair of boots of running (You acquired it
                  | on level 11 of the Dungeon)
  9898 | D:12     | Noticed Gastronok
  9941 | Lair:1   | Entered Level 1 of the Lair of Beasts
 10246 | Lair:1   | Reached **** piety under Makhleb
 10874 | Lair:2   | Noticed a six-headed hydra
 10883 | Lair:2   | Killed a six-headed hydra
 10926 | Lair:2   | Reached skill level 11 in Invocations
 10926 | Lair:2   | Reached XP level 12. HP: 53/96 MP: 18/18
 12064 | Lair:3   | Reached skill level 12 in Invocations
 13111 | Lair:4   | Found a staircase to the Swamp.
 13193 | Lair:4   | Reached skill level 13 in Invocations
 13502 | Lair:4   | Found a hole to the Spider Nest.
 13549 | Lair:4   | Reached ***** piety under Makhleb
 13856 | Lair:5   | Reached XP level 13. HP: 102/102 MP: 21/21
 14101 | Lair:5   | Found a labyrinth entrance.
 14112 | Lab      | Entered a labyrinth
 14524 | Lab      | Noticed a minotaur
 14540 | Lab      | Killed a minotaur
 14546 | Lab      | Found the ring of the Octopus King
 14546 | Lab      | Got a ring of the Octopus King
 14563 | Lab      | Identified a ring of the Octopus King {rCorr AC+1 EV+1
                  | Str+1 Int+1 Dex+1} (You found it in a labyrinth)
 14691 | Lair:5   | Reached skill level 14 in Invocations
 15487 | Lair:6   | Entered Level 6 of the Lair of Beasts
 15603 | Lair:6   | Found an ornate altar of the Wu Jian Council.
 15976 | Lair:6   | Reached skill level 15 in Invocations
 16436 | Lair:6   | Gained mutation: You resist negative energy. (rN+) [Deep
                  | Dwarf growth]
 16436 | Lair:6   | Reached XP level 14. HP: 85/109 MP: 23/23
 16814 | Lair:6   | Reached skill level 16 in Invocations
 17015 | Lair:6   | Found a viscous altar of Jiyva.
 17016 | Lair:6   | Found a staircase to the Slime Pits.
 17032 | Lair:6   | Reached ****** piety under Makhleb
 17185 | Lair:6   | Got a vibrating golden ring
 17195 | Lair:6   | Identified the ring of Beazacza {rF+ Dex+2} (You found it
                  | on level 6 of the Lair of Beasts)
 17202 | Lair:6   | Got smoking swamp dragon scales
 17213 | Lair:6   | Identified the +4 swamp dragon scales of Lubbec {-Cast +Fly
                  | rPois rC- Regen+} (You found it on level 6 of the Lair of
                  | Beasts)
 17522 | D:12     | Killed Gastronok
 17621 | D:12     | You fall through a shaft!
 17727 | D:13     | Found a gate to the Vaults.
 17997 | D:12     | Found a staircase to the Orcish Mines.
 18877 | D:14     | Reached skill level 17 in Invocations
 19540 | D:15     | Entered Level 15 of the Dungeon
 19647 | D:15     | Found a staircase to the Depths.
 19922 | D:15     | Found a stormy altar of Qazlal.
 19956 | D:15     | Found Ibriegas's Antique Armour Emporium.
 19965 | D:15     | Bought a pair of warped gloves for 247 gold pieces
 19979 | D:15     | Identified the +4 pair of gloves "Sezid" {rF++} (You bought
                  | it in a shop on level 15 of the Dungeon)
 20486 | Orc:1    | Entered Level 1 of the Orcish Mines
 20547 | Orc:1    | Found Lycizeke's Assorted Antiques.
 20747 | Orc:1    | Reached XP level 15. HP: 97/115 MP: 25/25
 20775 | Orc:2    | Entered Level 2 of the Orcish Mines
 20998 | Orc:2    | Reached skill level 18 in Invocations
 21263 | Orc:2    | Found a staircase to the Elven Halls.
 21508 | Orc:2    | Found Ycoicex's Jewellery Shoppe.
 21509 | Orc:2    | Found Mademu's Magic Scroll Boutique.
 21509 | Orc:2    | Found Zomuoraell's General Store.
 21509 | Orc:2    | Found Arogerr's Book Boutique.
 22141 | Swamp:1  | Entered Level 1 of the Swamp
 22572 | Swamp:1  | Found a sacrificial altar of Ru.
 23497 | Swamp:2  | Paralysed by a hornet for 1 turns
 23510 | Swamp:2  | Paralysed by a hornet for 3 turns
 23589 | Swamp:2  | HP: 3/115 [swamp worm[a spriggan druid] (4)]
 23674 | Swamp:2  | Reached skill level 19 in Invocations
 23839 | Swamp:2  | Reached skill level 15 in Armour
 24236 | Swamp:3  | Reached skill level 15 in Shields
 24253 | Swamp:3  | Noticed a thorn hunter
 24749 | Swamp:3  | Killed a thorn hunter
 24749 | Swamp:3  | Reached XP level 16. HP: 73/122 MP: 20/20
 25295 | Swamp:4  | Entered Level 4 of the Swamp
 25594 | Swamp:4  | Reached skill level 15 in Dodging
 25598 | Swamp:4  | Noticed a thorn hunter
 25624 | Swamp:4  | Killed a thorn hunter
 25654 | Swamp:4  | Noticed a thorn hunter
 25669 | Swamp:4  | Killed a thorn hunter
 25671 | Swamp:4  | Reached skill level 20 in Invocations
 25676 | Swamp:4  | HP: 5/122 [six-headed hydra (2)]
 25868 | Swamp:4  | Got a decaying rune of Zot
 26210 | Spider:1 | Entered Level 1 of the Spider Nest
 26260 | Spider:1 | Noticed Rupert
 26282 | Spider:1 | Killed Rupert
 27012 | Spider:2 | Noticed Nikola
 27036 | Spider:2 | Killed Nikola
 27036 | Spider:2 | Reached skill level 21 in Invocations
 27225 | Spider:2 | Got a slimy whip
 27226 | Spider:2 | Identified the +5 whip of Exoneration {flame, Str+3 Dex+6}
                  | (You found it on level 2 of the Spider Nest)
 27430 | Spider:3 | Noticed Arachne
 27514 | Spider:2 | HP: 3/122 [Arachne/staff of poison (11)]
 27515 | Spider:2 | HP: 1/122 [poisoned by Arachne]
 27541 | Spider:2 | Killed Arachne
 27996 | Spider:4 | Entered Level 4 of the Spider Nest
 28180 | Spider:4 | Reached XP level 17. HP: 25/129 MP: 11/11
 28436 | Spider:4 | Reached skill level 22 in Invocations
 28668 | Spider:4 | Reached skill level 1 in Maces & Flails
 28874 | Spider:4 | Noticed Roxanne
 28945 | Spider:4 | Killed Roxanne
 28946 | Spider:4 | Identified Roxanne's Handbook of Transformation (You took
                  | it off Roxanne on level 4 of the Spider Nest)
 29117 | Spider:4 | HP: 3/132 [wolf spider (3)]
 29117 | Spider:4 | Mangled by a ghost moth

Vault maps used:
D:1:      erik_arrival_orb_chamber
D:2:      minmay_rat_gold_closets, uniq_robin
D:4:      serial_shops, shop, minivault_25, uniq_crazy_yiuf_cottage
D:5:      gammafunk_temple_overflow_statue, first_ration, serial_shops, shop,
          uniq_prince_ribbit1, uniq_duvessa, uniq_grinder
D:6:      serial_shops, shop
D:7:      marbit_many_paths, kiku_gazebo_pond_becter,
          minmay_temple_entry_junction, serial_corexii_hall,
          corexii_hall_statues_deadend, corexii_hall_statues_u, hex_medium
D:8:      minmay_weird_star, nemelex_xobeh_ov_fountains_minmay, grunt_ogre_cave,
          uniq_grum
D:9:      nicolae_overflow_crystal_walls, lemuel_doored_altar
D:11:     dpeg_oklobed_lair, enter_bailey_2, serial_shops, shop_coins,
          shop_coins, shop_fountains, shop, uniq_maurice
D:12:     minmay_orc_entry_guard_dogs, uniq_gastronok
D:13:     david_vaults_2
D:14:     nicolae_twisting_strands, hangedman_decor_growths,
          hangedman_abyss_or_decor_stabs
D:15:     hangedman_depths_entry_try_elsewhere_first, serial_shops,
          nicolae_shop_trees, nicolae_qazlal_general_emergency
Temple:   regret_index_temple_waves
Lair:1:   grunt_megastairs_5
Lair:2:   serial_bayou_shore_b, grunt_megastairs_4
Lair:3:   st_stairs_5, forest_entry_grove, serial_bayou_shore_b,
          serial_bayou_shore_b
Lair:4:   swamp_mist, nicolae_spider_entry_non_spiders
Lair:5:   lab_entry_generic, infiniplex_staircase_pool,
          minmay_lair_oklob_chamber
Lair:6:   evilmike_catoblepas_cave, slime_altar_1, basic_altar,
          grunt_forest_small_clearings, grunt_megastairs_2
Swamp:1:  nicolae_swamp_godswood, swamp_pool2,
          nicolae_swamp_feature_on_the_river_bank
Swamp:2:  evilmike_swamp_ruin_house_1
Swamp:3:  nicolae_swamp_fairy_circle
Swamp:4:  swamp_alternative
Spider:1: uniq_rupert
Spider:2: guppyfry_spider_mini_1, uniq_nikola
Spider:3: nicolae_spider_mines_1, hangedman_spider_mandibles, uniq_arachne
Spider:4: grunt_spider_rune_island, uniq_roxanne
Orc:1:    serial_shops, nicolae_shop_overgrown_old_shop
Orc:2:    st_orc_ogre_mass
Lab:      nicolae_lab_dead_end, nicolae_lab_arrow, lab_fountain
Bailey:   bailey_polearm_1, bailey

Skill      XL: |  1  2  3  4  5  6  7  8  9 10 11 12 13 14 15 16 17 |
---------------+----------------------------------------------------+-----
Dodging        | 1 2 3 4 5 7 9 10 11 12 13 14 15 | 15.0
Armour         | 4 5 6 8 9 10 11 12 13 14 15 16 | 16.9
Shields        | 4 5 6 8 9 10 11 12 13 14 15 | 15.3
Invocations    | 1 7 11 13 15 17 19 21 22 | 22.0
Fighting       | 3 |  3.5
Maces & Flails | 2 |  2.3
Axes           | |  2.1

Action                   |  1- 3 |  4- 6 |  7- 9 | 10-12 | 13-15 | 16-18 || total
-------------------------+-------+-------+-------+-------+-------+-------++-------
Melee: War axe           |   180 |     5 |       |       |       |       ||   185
       Club              |       |   200 |   307 |       |       |       ||   507
       Demon whip        |       |       |   196 |  1079 |  2667 |   699 ||  4641
       Whip              |       |       |    11 |       |       |       ||    11
       Scimitar          |       |       |       |       |       |   247 ||   247
Throw: Throwing net      |       |       |       |       |     2 |       ||     2
Invok: Lesser Servant of |       |       |       |       |     5 |    12 ||    17
       Greater Servant o |       |       |       |       |       |    18 ||    18
 Abil: Heal Wounds       |       |     2 |     5 |     1 |    29 |    31 ||    68
Evoke: Wand              |       |     4 |    31 |    40 |    27 |    18 ||   120
       Sack of spiders   |       |       |       |       |     3 |       ||     3
       Lamp of fire      |       |       |       |       |     2 |     2 ||     4
       Box of beasts     |       |       |       |       |     2 |       ||     2
  Use: Scroll            |       |     8 |     6 |     9 |    11 |     4 ||    38
       Potion            |       |       |     1 |       |     2 |    12 ||    15
 Stab: Confused          |       |       |       |     1 |       |       ||     1
       Petrified         |       |       |       |       |     4 |       ||     4
       Distracted        |       |       |       |       |     1 |    13 ||    14
       Held in net/web   |       |       |       |       |     3 |     1 ||     4
  Eat: Chunk             |     3 |     6 |    12 |    22 |    29 |    13 ||    85
       Ration            |       |       |       |     2 |     3 |     1 ||     6
Armor: Scale mail        |    34 |       |       |       |       |       ||    34
       Plate armour      |    64 |   125 |   266 |   215 |       |       ||   670
       Ice dragon scales |       |       |       |   241 |   921 |   771 ||  1933
Dodge: Dodged            |    43 |    46 |   168 |   722 |  2437 |  1541 ||  4957
Block: Shield            |   124 |   112 |   319 |   202 |       |       ||   757
       Buckler           |       |       |       |   413 |  1749 |  1004 ||  3166
       Rpst.: Scimitar   |       |       |       |       |       |    97 ||    97

Table legend:
 A = Non-vault XP
 B = Vault XP
 C = Vault XP percentage of total XP
 D = Non-vault monster count
 E = Vault monster count
 F = Vault count percentage of total count
                 A         B        C        D         E       F
            +---------+---------+-------+---------+---------+-------
      Total |  150521 |   84651 |  36.0 |     709 |     234 |  24.8
            +---------+---------+-------+---------+---------+-------
        D:1 |      43 |      12 |  21.8 |      27 |      12 |  30.8
        D:2 |      29 |      44 |  60.3 |      11 |      20 |  64.5
        D:3 |      59 |       0 |   0.0 |      22 |       0 |   0.0
        D:4 |     344 |      41 |  10.6 |      10 |       1 |   9.1
        D:5 |     212 |     795 |  78.9 |      11 |       4 |  26.7
        D:6 |     741 |       0 |   0.0 |      13 |       0 |   0.0
        D:7 |     791 |      39 |   4.7 |      19 |       1 |   5.0
        D:8 |    1514 |     637 |  29.6 |      28 |       5 |  15.2
        D:9 |    1403 |       0 |   0.0 |      23 |       0 |   0.0
       D:10 |    4115 |       0 |   0.0 |      39 |       0 |   0.0
       D:11 |    4837 |     449 |   8.5 |      28 |       1 |   3.4
       D:12 |    3166 |    2696 |  46.0 |      10 |       5 |  33.3
       D:13 |    5089 |    1190 |  19.0 |      26 |       3 |  10.3
       D:14 |    7734 |       0 |   0.0 |      26 |       0 |   0.0
       D:15 |    6092 |    2620 |  30.1 |      18 |       4 |  18.2
     Lair:1 |    1944 |     522 |  21.2 |      12 |       2 |  14.3
     Lair:2 |    5385 |     143 |   2.6 |      19 |       1 |   5.0
     Lair:3 |    4938 |    1721 |  25.8 |      21 |       9 |  30.0
     Lair:4 |    4773 |     496 |   9.4 |      15 |       8 |  34.8
     Lair:5 |    5577 |    2340 |  29.6 |      21 |       6 |  22.2
     Lair:6 |   12081 |   13870 |  53.4 |      42 |      31 |  42.5
    Swamp:1 |    8264 |       0 |   0.0 |      28 |       0 |   0.0
    Swamp:2 |   12171 |       0 |   0.0 |      32 |       0 |   0.0
    Swamp:3 |   18849 |       0 |   0.0 |      41 |       0 |   0.0
    Swamp:4 |    7957 |   13363 |  62.7 |      32 |      23 |  41.8
   Spider:1 |    5025 |    2384 |  32.2 |      15 |       1 |   6.2
   Spider:2 |    5910 |    7985 |  57.5 |      21 |       7 |  25.0
   Spider:3 |    5513 |     595 |   9.7 |      26 |       1 |   3.7
   Spider:4 |    8790 |   15830 |  64.3 |      34 |      37 |  52.1
      Orc:1 |    4292 |    1907 |  30.8 |      19 |       3 |  13.6
      Orc:2 |    1652 |   12655 |  88.5 |      19 |      33 |  63.5
        Lab |    1231 |     431 |  25.9 |       1 |       2 |  66.7
     Bailey |       0 |    1886 | 100.0 |       0 |      14 | 100.0
            +---------+---------+-------+---------+---------+-------
